 Dungeon Crawl Stone Soup version 0.30-a0-395-gfe72c296f8 (webtiles) character file.

Game seed: 1091586162927198918

46 Bnni the Vexing (level 3, -2/25 (27) HPs)
             Began as a Formicid Hexslinger on Dec 7, 2022.
             Slain by an ufetubus (4 damage)
             ... on level 1 of the Dungeon.
             The game lasted 00:02:42 (606 turns).

Bnni the Vexing (Formicid Hexslinger)                Turns: 606, Time: 00:02:42

HP:   -2/25 (27)    AC:  2    Str: 14    XL:     3   Next: 92%
MP:   5/5           EV: 12    Int: 12    God:
Gold: 35            SH:  0    Dex: 16    Spells: 1/5 levels left

rFire   . . .      SeeInvis +    a - +1 sling
rCold   . . .      Faith    .    (no shield)
rNeg    . . .      Spirit   .    e - +0 robe
rPois   .          Reflect  .    (helmet unavailable)
rElec   .          Harm     .    (no cloak)
rCorr   .          Rampage  .    (no gloves)
Will    .....                    (no boots)
Stlth   +.........               (no amulet)
HPRegen 0.24/turn                (no ring)
MPRegen 0.09/turn                (no ring)

@: drained
A: permanent stasis, dig shafts and tunnels, antennae 3, four strong arms
a: Dig, Shaft Self


You were on level 1 of the Dungeon.
You visited 1 branch of the dungeon, and saw 2 of its levels.

You collected 35 gold pieces.

Inventory:

Hand Weapons
 a - a +1 sling (weapon)
Armour
 e - a +0 robe (worn)
Scrolls
 b - 2 scrolls of poison
 c - 2 scrolls of identify {unknown}
Potions
 d - a potion of lignification {unknown}


   Skills:
 + Level 1.7 Fighting
 * Level 2.8 Ranged Weapons
 - Level 1.7 Dodging
 + Level 1.5 Spellcasting
 * Level 4.3 Hexes
 + Level 0.1 Fire Magic


You had one spell level left.
You knew the following spells:

 Your Spells              Type           Power      Damage    Failure   Level
a - Slow                  Hex            44%        N/A       4%          1
b - Inner Flame           Hex/Fire       6%         N/A       34%         3

Your spell library contained the following spells:

 Spells                   Type           Power      Damage    Failure   Level
 Portal Projectile        Hex/Tloc       12%        N/A       34%         3
 Cause Fear               Hex            5%         N/A       43%         4


Dungeon Overview and Level Annotations

Branches:
Dungeon (2/15)

Altars:


Innate Abilities, Weirdness & Mutations

You cannot be hasted, slowed, berserked, paralysed or teleported.
You can dig through walls and to a lower floor.
You have a pair of large antennae on your head. (SInv)
Your four strong arms can wield two-handed weapons with a shield.


Message History

The ball python hisses angrily.
The ufetubus closely misses you. The ufetubus barely misses you.
The rat bites you. The ufetubus barely misses you.
The ufetubus closely misses you. The rat bites you.
There is a stone staircase leading up, spattered with blood here.
You shoot a sling bullet. The endoplasm quivers.
The sling bullet hits the ufetubus.
The ufetubus is lightly wounded.
The ufetubus closely misses you. x4; The rat barely misses you.
The ufetubus barely misses you. The ufetubus misses you.
The ball python bites you. The ball python grabs you.
You stop ascending the stairs.
The ball python constricts you. The rat bites you.
Unknown command.
You escape the ball python's grasp.
The ufetubus hits you but does no damage.
The ufetubus hits you. The ball python bites you.
The ball python barely misses you. The ufetubus closely misses you.
The ufetubus hits you.
* * * LOW HITPOINT WARNING * * *
The rat bites you but does no damage.
You climb upwards.
There is a stone staircase leading down here.
The ball python bites you but does no damage.
The ball python grabs you. The ball python constricts you.
* * * LOW HITPOINT WARNING * * *
The rat closely misses you.
You escape the ball python's grasp.
The ball python closely misses you. x2
The ufetubus hits you but does no damage.
The ufetubus hits you.
* * * LOW HITPOINT WARNING * * *
The ball python bites you.
* * * LOW HITPOINT WARNING * * *
The ball python barely misses you.
The ball python attacks as you move away!
The ball python misses you. The ball python closely misses you.
The ufetubus attacks as you move away! The ufetubus closely misses you. x2
The ufetubus hits you.
You die...

######..#### #....[.....#####.
.......## ##..........# #.
.####### #######...........# #.
## #..........)......#####. #
###.####.#.............##.
########...# #..#..........##....
.........### #.#S.>.............#
÷.######## ###.#5#{#########'####
#)######## #...#@#........'8.8'..
#........# #.#...#........#...#..
#........###.#...#...⌠....##+##..
#........##..#.####..............
###.#.......##.# ######....<....
###.###........# #....##.......#
#...# ####.....#####....#########
..### #..........#...#####....
### #......>.)..............


You could see an ufetubus and a ball python.

Vanquished Creatures
  2 gnolls (D:1)
  3 ball pythons (D:1)
  2 endoplasms (D:1)
  A giant cockroach (D:1)
  3 goblins (D:1)
  2 hobgoblins (D:1)
  2 quokkas (D:1)
  A frilled lizard (D:1)
  5 kobolds (D:1)
  3 rats (D:1)
24 creatures vanquished.

Notes
Turn   | Place    | Note
-------+----------+-------------------------------------------
     0 | D:1      | Bnni the Formicid Hexslinger began the quest for the Orb.
     0 | D:1      | Reached XP level 1. HP: 15/15 MP: 2/2
   120 | D:1      | Reached XP level 2. HP: 21/21 MP: 3/3
   131 | D:1      | Reached skill level 4 in Hexes
   136 | D:1      | Reached XP level 3. HP: 19/26 MP: 3/5
   274 | D:1      | Learned a level 3 spell: Inner Flame
   606 | D:1      | Slain by an ufetubus

Illustrated notes

Levels and vault maps discovered:
D:1:      giann_wishing_wells, layout_rooms
D:2:      layout_loops_ring, basic_altar

Skill      XL: |  1  2 |
---------------+-------+-----
Hexes          | 4 |  4.3
Fighting       | |  1.7
Ranged Weapons | |  2.8
Dodging        | |  1.7
Spellcasting   | |  1.5
Fire Magic     | |  0.1

Action                   || total
-------------------------++-------
 Fire: Sling             ||    74
 Abil: Dig               ||     1
Armor: Robe              ||     8
Dodge: Dodged            ||    41

Table legend: (Time is in decaauts)
 A = Elapsed time spent in this place.
 B = Non-inter-level travel time spent in this place.
 C = Inter-level travel time spent in this place.
 D = Time resting spent in this place.
 E = Time spent auto-exploring this place.
 F = Levels seen in this place.
 G = Mean time per level.
                   A        B        C        D        E       F      G
               +--------+--------+--------+--------+--------+-----+--------+
         Total |    628 |    614 |     14 |      0 |    442 |   2 |  314.0 |
       Dungeon |    628 |    614 |     14 |      0 |    442 |   2 |  314.0 |
               +--------+--------+--------+--------+--------+-----+--------+

Top non-repeatable levels by time:
     D:1: 619 daAuts
     D:2: 9 daAuts
